 Dungeon Crawl Stone Soup version 0.29-a0-284-gf9362112df (webtiles) character file.

Game seed: 16097570541990159524

1519 rabbitsville the Geomancer (level 8, -1/57 HPs)
             Began as a Green Draconian Earth Elementalist on Mar 21, 2022.
             Was a Follower of Nemelex Xobeh.
             Slain by a killer bee (2 damage)
             ... on level 7 of the Dungeon.
             The game lasted 00:25:27 (7145 turns).

rabbitsville the Geomancer (DrEE)                   Turns: 7145, Time: 00:25:28

Health: -1/57      AC:  6    Str: 10    XL:     8   Next: 54%
Magic:  14/16      EV: 12    Int: 17    God:    Nemelex Xobeh [*.....]
Gold:   355        SH:  0    Dex: 13    Spells: 14/18 levels left

rFire   . . .      SeeInvis .   j - +4 quarterstaff (chaos)
rCold   . . .      Faith    .   (shield currently unavailable)
rNeg    . . .      Spirit   .   (body armour unavailable)
rPois   +          Reflect  .   (helmet restricted)
rElec   .          Harm     .   (no cloak)
rCorr   .          Rampage  .   (no gloves)
Will    +....                   (no boots)
Stlth   ++........              (no amulet)
HPRegen 0.19/turn               r - ring of willpower
MPRegen 0.15/turn               u - +4 ring of slaying

@: lethally poisoned (-1 -> -5)
A: breathe noxious fumes, AC +6, unfitting armour, poison resistance,
cold-blooded
a: Breathe Noxious Fumes, Renounce Religion, Draw Escape, Draw Destruction, Draw
Summoning


You were on level 7 of the Dungeon.
You worshipped Nemelex Xobeh.
Nemelex Xobeh was aware of your devotion.
You visited 1 branch of the dungeon, and saw 7 of its levels.
You also visited: Sewer.

You collected 355 gold pieces.

Inventory:

Hand Weapons
 j - a +4 quarterstaff of chaos (weapon)
Missiles
 a - 112 stones
Jewellery
 r - a ring of willpower (left hand)
 u - a +4 ring of slaying (right hand)
 E - a +4 ring of evasion
Wands
 i - a wand of flame (42)
 y - a wand of iceblast (8)
 C - a wand of paralysis (6)
Scrolls
 c - 3 scrolls of fear
 d - 3 scrolls of teleportation {unknown}
 e - a scroll of enchant armour {unknown}
 g - 2 scrolls of magic mapping {unknown}
 k - 2 scrolls of noise {unknown}
 l - 2 scrolls of immolation {unknown}
 m - a scroll of brand weapon {unknown}
 o - a scroll of fog {unknown}
 p - 2 scrolls of enchant weapon {unknown}
 s - 2 scrolls of vulnerability {unknown}
 v - 2 scrolls of identify {unknown}
Potions
 b - 3 potions of magic
 f - 3 potions of mutation {unknown}
 h - 2 potions of resistance {unknown}
 n - 2 potions of attraction {unknown}
 q - 3 potions of curing {unknown}
 t - 2 potions of heal wounds {unknown}
 w - a potion of might {unknown}
 x - a potion of ambrosia {unknown}
 z - a potion of experience {unknown}
 A - 2 potions of degeneration {unknown}
 B - a potion of flight {unknown}
 D - a potion of berserk rage {unknown}


   Skills:
 - Level 1.7 Dodging
 - Level 1.7 Stealth
 + Level 5.6 Spellcasting
 + Level 3.3 Conjurations
 - Level 1.0 Transmutations
 * Level 8.8 Earth Magic


You had 14 spell levels left.
You knew the following spells:

 Your Spells              Type           Power      Damage    Failure   Level
a - Sandblast             Erth           68%        2d15      1%          1
b - Stone Arrow           Conj/Erth      50%        3d10      3%          3

Your spell library contained the following spells:

 Spells                   Type           Power      Damage    Failure   Level
 Passwall                 Tmut/Erth      17%        N/A       2%          2
 Petrify                  Tmut/Erth      21%        N/A       17%         4


Dungeon Overview and Level Annotations

Branches:
Dungeon (7/15)             Temple (0/1) D:6           Sewer (visited)

Altars:
Nemelex Xobeh
Okawaru
Xom
Yredelemnul


Innate Abilities, Weirdness & Mutations

You can breathe blasts of noxious fumes.
Your lurid green scales are hard. (AC +6)
You cannot fit into any form of body armour.
Your system is resistant to poisons. (rPois)
You are cold-blooded and may be slowed by cold attacks.


Message History

Aiming: Sandblast (safe; 1% risk of failure)
Press: ? - help, Q - select action, (/) - cycle Shift-Dir - straight line, f - killer bee
Aim: a killer bee (63% to hit)
The blast of sand hits the killer bee.
The killer bee is moderately wounded.
The killer bee stings you.
You closely miss the killer bee.
The killer bee is lightly wounded.
The killer bee closely misses you. x2
A wight comes into view.
It is wielding a +4 morningstar of freezing and wearing a +1 robe of resistance.
The killer bee stings you.
A manticore comes into view.
The killer bee stings you. The killer bee closely misses you.
The killer bee stings you. The killer bee stings you.
You are poisoned.
The killer bee poisons you!
The killer bee attacks as you move away!
The killer bee stings you.
You feel sick. The killer bee stings you.
You miss the killer bee.
The killer bee is lightly wounded.
You feel sick. The killer bee closely misses you. The killer bee stings you.
You are more poisoned.
The killer bee poisons you! The killer bee stings you.
The killer bee attacks as you move away!
The killer bee stings you.
You feel sick. The killer bee misses you.
You feel sick. The killer bee stings you.
* * * LOW HITPOINT WARNING * * *
The killer bee attacks as you move away!
The killer bee stings you but does no damage.
You feel sick. The killer bee barely misses you.
You feel sick. The killer bee stings you.
* * * LOW HITPOINT WARNING * * *
The killer bee attacks as you move away!
The killer bee stings you!
* * * LOW HITPOINT WARNING * * *
x2 You feel sick.
The killer bee stings you.
You die...
Your body disappears without a glow.

. #....)...#.#... .# #.
#..####.###.##.#.#.# $#.# #.
....†..............# . .# #.
..####....#........###.#.# #.
##...#.######.#..... .#######.
##......# #z##...##.........
.##.......# #.##...#.#.######.
....<.....# #y##....###...[...
.##.......######@##.#.#.#.####...
##.....(#.....<...#.##.#####.#.
##..>#.#.####.....†...........
###.#.# ##.###.#...#######. .. .
#...##.#...# #. ...
.###>..##.#...# #.
#..##........#...##### #.
#............#........ ..
#.##.l......#..######


You could see a killer bee and a wight.

Vanquished Creatures
  Duvessa (D:5)
  2 black bears
  2 ogres
  A scorpion (D:5)
  4 bullfrogs
  A wight (D:7)
  Dowan (D:5)
  A howler monkey (D:7)
  A jelly (D:7)
  5 hounds
  2 iguanas
  Ijyb (D:4)
  Crazy Yiuf (D:2)
  Jessica (D:2)
  Natasha (twice) (D:4)
  3 gnolls (D:4)
  10 adders
  A river rat (Sewer)
  2 white imps
  2 ufetubi
  A worm (D:5)
  2 dart slugs
  5 orcs
  2 bats (D:1)
  4 endoplasms
  5 giant cockroaches
  4 goblins
  6 hobgoblins
  4 jackals (D:1)
  2 kobolds
  7 quokkas
  9 ball pythons
  11 frilled lizards
  8 rats
114 creatures vanquished.

Notes
Turn   | Place    | Note
-------+----------+-------------------------------------------
     0 | D:1      | rabbitsville the Draconian Earth Elementalist began the
                  | quest for the Orb.
     0 | D:1      | Reached XP level 1. HP: 14/14 MP: 3/3
   364 | D:1      | Reached XP level 2. HP: 20/20 MP: 3/5
   475 | D:1      | Found a faded altar of an unknown god.
  1733 | D:2      | Found a runed translucent door.
  1733 | D:2      | Noticed Crazy Yiuf
  1735 | D:2      | Killed Crazy Yiuf
  1736 | D:2      | Reached skill level 4 in Earth Magic
  1736 | D:2      | Reached XP level 3. HP: 26/26 MP: 4/6
  2208 | D:2      | Reached XP level 4. HP: 32/33 MP: 8/8
  2466 | D:2      | Noticed Jessica
  2472 | D:2      | Killed Jessica
  2825 | D:3      | Reached skill level 5 in Earth Magic
  2825 | D:3      | Reached XP level 5. HP: 37/38 MP: 5/9
  4003 | D:4      | Noticed Ijyb
  4022 | D:4      | Killed Ijyb
  4327 | D:4      | Reached XP level 6. HP: 45/45 MP: 7/11
  4478 | D:4      | Noticed Natasha
  4486 | D:4      | Killed Natasha
  4487 | D:4      | Reached skill level 6 in Earth Magic
  4523 | D:4      | Found a sparkling altar of Nemelex Xobeh.
  4529 | D:4      | Became a worshipper of Nemelex Xobeh the Trickster
  4635 | D:4      | Identified the +0 robe of Rogg {rC+ rN+}
  4687 | D:4      | Noticed Natasha
  4692 | D:4      | Killed Natasha
  4885 | D:5      | Entered Level 5 of the Dungeon
  4901 | D:5      | Found an iron altar of Okawaru.
  5000 | D:5      | Noticed Dowan
  5001 | D:5      | Noticed Duvessa
  5045 | D:5      | Your scales start taking on a lurid green colour.
  5045 | D:5      | Reached XP level 7. HP: 50/50 MP: 11/13
  5045 | D:5      | Gained mutation: Your system is resistant to poisons.
                  | (rPois) [Green Draconian growth]
  5072 | D:5      | Reached skill level 7 in Earth Magic
  5139 | D:5      | Found a glowing drain.
  5149 | Sewer    | Entered a sewer
  5689 | D:5      | Killed Dowan
  5690 | D:5      | Reached skill level 1 in Conjurations
  5761 | D:5      | Killed Duvessa
  6188 | D:6      | Reached skill level 5 in Spellcasting
  6223 | D:6      | Reached skill level 8 in Earth Magic
  6223 | D:6      | Reached XP level 8. HP: 34/57 MP: 10/15
  6470 | D:6      | Found a staircase to the Ecumenical Temple.
  6491 | D:6      | Reached * piety under Nemelex Xobeh
  6643 | D:6      | Received a gift from Nemelex Xobeh
  6882 | D:7      | Found a shimmering altar of Xom.
  6883 | D:7      | Found a basalt altar of Yredelemnul.
  6886 | D:7      | Identified the +0 robe of Woqadgh {rF+ rN+}
  7054 | D:7      | Learned a level 3 spell: Stone Arrow
  7134 | D:7      | Noticed a manticore
  7145 | D:7      | HP: 1/57 [killer bee (8)]
  7145 | D:7      | Slain by a killer bee

Illustrated notes

Levels and vault maps discovered:
D:1:      lightli_arrival_chessboard, layout_basic,
          dreamdust_ecumenical_altar_statues, nrook_mini_backslash
D:2:      layout_loops_corners, kennysheep_jessica_study,
          uniq_crazy_yiuf_cottage
D:3:      minmay_evil_eye, layout_loops_corners,
          minmay_fractal_squares_diagonal_5
D:4:      layout_basic, mainiacjoe_overflow_24_doors,
          amcnicky_mini_rare_corridor_liquid, uniq_natasha, uniq_ijyb
D:5:      layout_cave_pools, mainiacjoe_overflow_paths,
          cheibrodos_sewer_entry_drain, kennysheep_generic_room_12, uniq_duvessa
D:6:      minmay_klotski, layout_loops_ring, minmay_temple_entry_purple_smoke
D:7:      cheibrodos_fzero, layout_loops_ring, gammafunk_temple_overflow_pools

Skill      XL: |  1  2  3  4  5  6  7  8 |
---------------+-------------------------+-----
Earth Magic    | 4 5 6 8 |  8.8
Spellcasting   | 3 4 5 |  5.6
Conjurations   | 2 3 |  3.3
Dodging        | |  1.7
Stealth        | |  1.7
Transmutations | |  1.0

Action                   |  1- 3 |  4- 6 |  7- 9 || total
-------------------------+-------+-------+-------++-------
Melee: Tailslap          |     5 |     4 |     4 ||    13
       Unarmed           |     1 |       |       ||     1
       Dagger            |    22 |       |       ||    22
       Club              |     8 |       |       ||     8
       Hunting sling     |     6 |       |       ||     6
       Quarterstaff      |    14 |    61 |    67 ||   142
 Fire: Hunting sling     |     7 |       |       ||     7
 Cast: Sandblast         |    30 |    43 |    49 ||   122
Evoke: Wand              |       |       |     2 ||     2
  Use: Scroll            |       |       |     1 ||     1
 Stab: Sleeping          |     4 |     3 |     3 ||    10
       Confused          |     1 |       |       ||     1
Armor: Skin              |    16 |    22 |    34 ||    72
Dodge: Dodged            |    38 |    48 |    75 ||   161

Table legend: (Time is in decaauts)
 A = Elapsed time spent in this place.
 B = Non-inter-level travel time spent in this place.
 C = Inter-level travel time spent in this place.
 D = Time resting spent in this place.
 E = Time spent auto-exploring this place.
 F = Levels seen in this place.
 G = Mean time per level.
                   A        B        C        D        E       F      G
               +--------+--------+--------+--------+--------+-----+--------+
         Total |   7274 |   7057 |    217 |   1291 |   3824 |   8 |  909.2 |
       Dungeon |   6686 |   6469 |    217 |   1207 |   3612 |   7 |  955.1 |
         Sewer |    587 |    587 |      0 |     84 |    212 |   1 |  587.0 |
               +--------+--------+--------+--------+--------+-----+--------+

Top non-repeatable levels by time:
     D:1: 1434 daAuts
     D:2: 1316 daAuts
     D:4: 1115 daAuts
     D:3: 1045 daAuts
     D:5: 819 daAuts
     D:6: 687 daAuts
   Sewer: 587 daAuts
     D:7: 267 daAuts
